 Dungeon Crawl Stone Soup version 0.30.1-11-g7821555f0a (webtiles) character file.

Game seed: 6984596333142699769

5212 ChrisAssaf the Sneak (level 10, -2/79 HPs)
             Began as a Pale Draconian Enchanter on Nov 9, 2023.
             Was a Believer of Nemelex Xobeh.
             Slain by a hornet (6 damage)
             ... on level 8 of the Dungeon.
             The game lasted 00:35:57 (7677 turns).

ChrisAssaf the Sneak (Pale Draconian Enchanter)     Turns: 7677, Time: 00:35:57

Health: -2/79      AC:  9    Str: 12    XL:     10   Next: 35%
Magic:  16/16      EV: 13    Int: 18    God:    Nemelex Xobeh [**....]
Gold:   1266       SH:  0    Dex: 12    Spells: 6/17 levels left

rFire   . . .        x - +1 demon blade (venom)
rCold   . . .        (no shield)
rNeg    . . .        (body armour unavailable)
rPois   .            f - +2 hat
rElec   .            (no cloak)
rCorr   .            (no gloves)
SInv    .            (no boots)
Will    .....        (no amulet)
Stlth   +++          (no ring)
HPRegen 0.33/turn    (no ring)
MPRegen 0.15/turn

%: no passive effects
@: lethally poisoned (-2 -> -13), short of breath, slowed, very slow
A: breathe steam, AC +7, unfitting armour, cold-blooded, steam resistance
a: Breathe Steam, Renounce Religion, Draw Escape, Draw Destruction, Draw
Summoning


You were on level 8 of the Dungeon.
You worshipped Nemelex Xobeh.
Nemelex Xobeh was pleased with you.
You visited 1 branch of the dungeon, and saw 8 of its levels.
You also visited: Bailey.

You collected 1411 gold pieces.
You spent 145 gold pieces at shops.

Inventory:

Hand Weapons
 x - a +1 demon blade of venom (weapon)
Missiles
 b - 10 boomerangs (quivered)
 u - 8 datura-tipped darts
Armour
 f - a +2 hat (worn)
Jewellery
 t - a ring of positive energy
Wands
 e - a wand of iceblast (8)
 k - a wand of polymorph (13)
 s - a wand of mindburst (13)
Scrolls
 c - a scroll of enchant armour
 h - a scroll of amnesia
 j - 2 scrolls of teleportation
 n - 4 scrolls of fog
 o - a scroll of acquirement {unknown}
 y - a scroll of magic mapping
Potions
 d - a potion of mutation {unknown}
 g - a potion of degeneration {unknown}
 i - 3 potions of attraction {unknown}
 m - a potion of cancellation {unknown}
 p - a potion of brilliance {unknown}
 q - a potion of might {unknown}
 w - a potion of heal wounds {unknown}


   Skills:
 * Level 4.2 Fighting
 * Level 4.2(5.1) Short Blades
 * Level 4.3(5.2) Long Blades
 * Level 4.8(5.1) Maces & Flails
 * Level 2.7(4.1) Staves
 * Level 3.4 Throwing
 * Level 4.4 Dodging
 * Level 5.5 Stealth
 * Level 4.1 Spellcasting
 * Level 1.1 Conjurations
 * Level 4.8 Hexes
 * Level 3.6 Ice Magic
 * Level 1.1 Air Magic
 * Level 1.0 Poison Magic
 * Level 3.6 Invocations
 * Level 4.0 Evocations


You had 6 spell levels left.
You knew the following spells:

 Your Spells              Type           Power      Damage    Failure   Level
a - Ensorcelled Hibernat  Hex/Ice        36%        N/A       3%          2
b - Tukima's Dance        Hex            21%        N/A       6%          3
c - Confusing Touch       Hex            21%        N/A       6%          3
d - Mephitic Cloud        Conj/Pois/Air  7%         N/A       28%         3

Your spell library contained the following spells:

 Spells                   Type           Power      Damage    Failure   Level
 Slow                     Hex            84%        N/A       1%          1
 Foxfire                  Conj/Fire      20%        2x1d5     12%         1
 Dazzling Flash           Conj/Hex       28%        N/A       13%         3
 Poisonous Vapours        Pois/Air       14%        N/A       14%         2
 Vampiric Draining        Necr           3%         2d6       41%         3
 Volatile Blastmotes      Fire/Tloc      6%         2d10      41%         3
 Iskenderun's Mystic Bla  Conj/Tloc      5%         2d3       75%         4
 Freezing Cloud           Conj/Ice/Air   5%         6-21      87%         5
 Iskenderun's Battlesphe  Conj           7%         2d6       95%         5
 Fireball                 Conj/Fire      2%         3d4       97%         5
 Conjure Ball Lightning   Conj/Air       3%         3x3d6     100%        6
 Plasma Beam              Fire/Air       2%         2x1d14    100%        6
 Starburst                Conj/Fire      2%         6d3       100%        6
 Orb of Destruction       Conj           3%         9d5       100%        7


Dungeon Overview and Level Annotations

Branches:
Dungeon (8/15)             Temple (0/1) D:6            Lair (0/5) D:8
 Bailey (visited)

Altars:
Cheibriados
Nemelex Xobeh
Okawaru
Xom
Zin

Shops:
D:2 [([[:   D:4 *   D:6 (


Innate Abilities, Weirdness & Mutations

You can breathe blasts of scalding, opaque steam.
Your pale cyan-grey scales are hard. (AC +7)
You cannot fit into any form of body armour.
You are cold-blooded and may be slowed by cold attacks.
You are immune to the effects of steam.


Message History

You feel yourself slow down.
You can move again.
You barely miss the hornet.
The hornet is almost dead.
You feel very sick. The hornet closely misses you.
An orc comes into view. It is wielding a +0 falchion.
The hornet stings you!
You feel as though you will be slow longer.
The hornet stings you.
You shrug off the repeated paralysis!
The orc attacks as you move away! The orc hits you but does no damage.
You feel yourself speed up.
You feel sick. The hornet closely misses you.
You feel sick. The hornet stings you!
You are more poisoned.
You feel yourself slow down. The hornet attacks as you move away!
The hornet barely misses you.
You feel very sick. The hornet misses you.
You feel better.
You feel yourself speed up. The hornet misses you. The hornet stings you!
* * * LOW HITPOINT WARNING * * *
You are poisoned.
You feel yourself slow down.
Unknown command.
As you read the scroll of summoning, it crumbles to dust.
Wisps of shadow whirl around you...
You feel very sick. The hornet stings you!
* * * LOW HITPOINT WARNING * * *
You are lethally poisoned!
You feel as though you will be slow longer.
The hornet barely misses you.
You swap places.
* * * LOW HITPOINT WARNING * * *
You feel very sick. The hornet stings you.
You die...
Your body disappears without a glow.

##..###.......# *.#
##...'..)....# *.#
#####.......###*.#
#.........##.#####******
#########.........,,,,,*
##.....§..,****,
#####o....§#.,***,,
#.hyoo.......,,,,,*
#g@##.#......,*****
#.F.g.....#.>,*
#g........#*#,*
#g.####...# *,*
#..#***...#**,*
#...,,,.....*,*
#...,,,,..##*,*****
####***,,,,,,,,,,,,
*,***********


You could see a hornet (ally target), an orc wizard, 2 orcs, a friendly bullfrog
(summoned), a friendly gnoll bouda (summoned), a friendly howler monkey
(summoned) and 3 friendly gnolls.

Vanquished Creatures
  Amaemon (D:8)
  An orc knight (Bailey)
  Joseph (D:7)
  An orange demon (D:8)
  A komodo dragon (D:7)
  A steam dragon (D:6)
  A fire bat (D:3)
  2 water moccasins
  2 sky beasts (D:6)
  2 ice beasts (D:6)
  3 orc warriors
  A centaur (D:7)
  2 ogres
  A phantom (D:5)
  4 kobold brigands (Bailey)
  A bullfrog (D:7)
  4 scorpions
  Dowan (D:7)
  4 wights (D:6)
  3 killer bees (D:7)
  A howler monkey (D:4)
  3 hounds
  An orc priest (D:3)
  2 iguanas (D:5)
  Jessica (D:3)
  A sleepcap (D:5)
  2 orc wizards
  4 gnolls (D:3)
  8 adders
  4 white imps
  5 worms
  3 dart slugs
  21 orcs
  4 bats
  5 endoplasms
  5 giant cockroaches
  16 goblins
  5 hobgoblins
  2 jackals (D:1)
  12 kobolds
  5 quokkas
  8 ball pythons
  4 frilled lizards
  7 rats
166 creatures vanquished.

Vanquished Creatures (collateral kills)
  Duvessa (D:7)
  An ogre (D:5)
  A scorpion (D:4)
  A wight (D:6)
  An orc priest (D:7)
  2 orc wizards (D:7)
  An orc (D:6)
  A kobold (Bailey)
9 creatures vanquished.

Grand Total: 175 creatures vanquished

Notes
Turn   | Place    | Note
-------+----------+-------------------------------------------
     0 | D:1      | ChrisAssaf the Draconian Enchanter began the quest for the
                  | Orb.
     0 | D:1      | Reached XP level 1. HP: 14/14 MP: 3/3
    85 | D:1      | Reached XP level 2. HP: 17/20 MP: 5/5
    88 | D:1      | Learned a level 2 spell: Ensorcelled Hibernation
   219 | D:2      | Found Oring's Armour Shop.
   265 | D:2      | Found Ynuch's Book Shoppe.
   327 | D:2      | Found Zouloet's Antique Armour Emporium.
   348 | D:2      | Reached skill level 3 in Stealth
   356 | D:2      | Reached XP level 3. HP: 27/27 MP: 6/6
   360 | D:2      | Learned a level 3 spell: Tukima's Dance
   590 | D:3      | Noticed Jessica
   595 | D:3      | Killed Jessica
   596 | D:3      | Reached XP level 4. HP: 30/34 MP: 7/7
   647 | D:4      | Reached skill level 1 in Maces & Flails
   693 | D:4      | Found a glowing silver altar of Zin.
   735 | D:4      | Noticed a scorpion
   743 | D:4      | Killed a scorpion
   744 | D:4      | Reached skill level 1 in Fighting
   744 | D:4      | Reached skill level 1 in Ice Magic
   744 | D:4      | Reached XP level 5. HP: 40/40 MP: 5/8
   920 | D:4      | Identified the +0 tower shield of Ygeto {rF+ Str+3}
   924 | D:4      | Found Vuekhaud's Gadget Gallery.
   936 | D:4      | Bought a wand of polymorph (3) for 54 gold pieces
   977 | D:5      | Entered Level 5 of the Dungeon
   989 | D:5      | Reached skill level 1 in Evocations
  1342 | D:5      | Found a sparkling altar of Nemelex Xobeh.
  1352 | D:5      | Became a worshipper of Nemelex Xobeh the Trickster
  1399 | D:5      | Noticed a phantom
  1607 | D:5      | Killed a phantom
  1608 | D:5      | Reached XP level 6. HP: 31/47 MP: 9/9
  2036 | D:5      | Learned a level 3 spell: Confusing Touch
  2229 | D:4      | Reached skill level 1 in Invocations
  2373 | D:4      | Bought a wand of mindburst (5) for 91 gold pieces
  2384 | D:4      | Reached skill level 4 in Stealth
  2384 | D:4      | Your scales start taking on a pale cyan-grey colour.
  2384 | D:4      | Reached XP level 7. HP: 41/53 MP: 6/10
  2384 | D:4      | Gained mutation: You are immune to the effects of steam.
                  | [Pale Draconian growth]
  2890 | D:3      | Found a faded altar of an unknown god.
  2965 | D:3      | a jelly changed into a fire bat
  2965 | D:3      | Noticed a fire bat
  2966 | D:3      | Killed a fire bat
  2967 | D:3      | Reached skill level 1 in Throwing
  3532 | D:2      | Reached * piety under Nemelex Xobeh
  3640 | D:2      | Reached XP level 8. HP: 62/62 MP: 12/12
  3781 | D:2      | Found Miguxok's Antique Armour Shoppe.
  3850 | D:2      | Found Magal's Weapon Shoppe.
  4936 | D:6      | Found a staircase to the Ecumenical Temple.
  4952 | D:6      | Received a gift from Nemelex Xobeh
  5039 | D:6      | Reached skill level 1 in Long Blades
  5039 | D:6      | Reached skill level 1 in Staves
  5543 | D:6      | Found Hacsihosk's Weapon Shoppe.
  5547 | D:6      | Identified the +2 robe "Wusoshuh" {+Blink}
  5722 | D:6      | Reached XP level 9. HP: 67/69 MP: 6/13
  6034 | D:7      | Noticed Duvessa
  6036 | D:7      | Noticed Dowan
  6086 | D:7      | Killed Dowan
  6089 | D:7      | Killed Duvessa
  6100 | D:7      | Reached skill level 5 in Stealth
  6181 | D:7      | Found a snail-covered altar of Cheibriados.
  6452 | D:7      | Reached ** piety under Nemelex Xobeh
  6460 | D:7      | Noticed Joseph
  6496 | D:7      | Killed Joseph
  6884 | D:7      | Found an iron altar of Okawaru.
  6963 | D:7      | Noticed a komodo dragon
  7001 | D:7      | Killed a komodo dragon
  7137 | D:8      | Found a shimmering altar of Xom.
  7184 | D:8      | Found a flagged portal.
  7206 | Bailey   | Entered a bailey
  7211 | Bailey   | Learned a level 3 spell: Mephitic Cloud
  7481 | Bailey   | Noticed an orc knight
  7482 | Bailey   | Found a bloodstained altar of Trog.
  7496 | Bailey   | Killed an orc knight
  7497 | Bailey   | Reached XP level 10. HP: 56/78 MP: 16/16
  7612 | D:8      | Noticed Amaemon
  7612 | D:8      | Noticed an orange demon
  7620 | D:8      | Killed an orange demon
  7635 | D:8      | Killed Amaemon
  7636 | D:8      | Reached skill level 1 in Conjurations
  7636 | D:8      | Reached skill level 1 in Air Magic
  7636 | D:8      | Reached skill level 1 in Poison Magic
  7669 | D:8      | Paralysed by a hornet for 2 turns
  7677 | D:8      | Slain by a hornet

Illustrated notes

Levels and vault maps discovered:
D:1:      minmay_arrival_radiant_lines, layout_basic, item_on_display_a
D:2:      layout_loops_ring, serial_shops, nicolae_shop_rolling_square, shop,
          shop, shop, shop, minmay_tall_x
D:3:      layout_basic, shapermc_ecumenical_altar_notcrosses,
          kennysheep_generic_room_10, uniq_jessica
D:4:      layout_rooms, zin_treasury, nicolae_concentric_dashed_squares_wild,
          nicolae_shop_gadgets
D:5:      layout_basic, nemelex_altar_shiori
D:6:      layout_loops_ring, minmay_temple_entry_drinking_statues, serial_shops,
          nicolae_shop_bloodbath_and_beyond
D:7:      layout_rooms, kennysheep_okawaru_gauntlet, lemuel_tele_altar,
          grunt_ministairs_14, uniq_joseph, uniq_duvessa
D:8:      layout_basic, xom_teletrap_fun, lair_entry_dummy, enter_bailey_3,
          unseen_surprise_small, uniq_amaemon

Skill      XL: |  1  2  3  4  5  6  7  8  9 10 |
---------------+-------------------------------+-----
Dodging        | 2 3 4 |  4.4
Stealth        | 3 4 5 |  5.5
Hexes          | 3 4 |  4.8
Maces & Flails | 1 2 3 4 |  4.8
Fighting       | 1 2 3 4 |  4.2
Ice Magic      | 1 2 3 |  3.6
Evocations     | 1 2 3 4 |  4.0
Short Blades   | 2 3 4 |  4.2
Invocations    | 1 2 3 |  3.6
Throwing       | 1 2 3 |  3.4
Spellcasting   | 3 4 |  4.1
Long Blades    | 2 4 |  4.3
Staves         | 1 2 |  2.7
Conjurations   | 1 |  1.1
Air Magic      | 1 |  1.1
Poison Magic   | 1 |  1.0

Action                     |  1- 3 |  4- 6 |  7- 9 | 10-12 || total
---------------------------+-------+-------+-------+-------++-------
  Melee: Dagger            |    43 |       |    28 |       ||    71
         Tailslap          |    11 |    14 |    24 |       ||    49
         Whip              |    55 |    96 |    17 |       ||   168
         Punch             |       |     1 |     1 |       ||     2
         Demon blade       |       |       |   102 |     8 ||   110
  Throw: Boomerang         |       |       |    57 |     3 ||    60
         Dart              |       |       |     7 |       ||     7
   Cast: Ensorcelled Hiber |     3 |     1 |     5 |       ||     9
         Tukima's Dance    |       |     2 |    10 |     2 ||    14
         Confusing Touch   |       |       |     1 |       ||     1
 Invoke: Draw Destruction  |       |       |     2 |     3 ||     5
         Draw Summoning    |       |       |     1 |       ||     1
Ability: Breathe Steam     |       |       |    47 |     4 ||    51
  Evoke: Wand              |       |     3 |    12 |     2 ||    17
    Use: Scroll            |       |     5 |     7 |     2 ||    14
         Potion            |       |       |     8 |     1 ||     9
   Stab: Sleeping          |     7 |     3 |    10 |       ||    20
 Armour: Skin              |    40 |    16 |    89 |     6 ||   151
  Dodge: Dodged            |    72 |    57 |   185 |    23 ||   337
